| TOP OF THE 1ST |
|
Northwest Arkansas Naturals batting - Pitching for Midland RockHounds : RHP Felix Carranza
|
|
Pitching: RHP Felix Carranza
|
|
|
Batting: RHB Kevin Allen
|
0-0: Ball 1-0: Ball 2-0: Foul Ball, location: 2F 2-1: SINGLE (Line Drive, 7LS, EV 93.1 MPH)
|
|
Batting: RHB Edwin Ramos
|
0-0: Called Strike 0-1: Ball 1-1: SINGLE (Line Drive, 78M, EV 98.1 MPH) Kevin Allen to second
|
|
Batting: LHB Pablo Serrato
|
0-0: Called Strike 0-1: Called Strike 0-2: Ball 1-2: Strikes out swinging
|
|
Batting: RHB Chang-keun Baik
|
0-0: Ball 1-0: Swinging Strike 1-1: Swinging Strike 1-2: Foul Ball, location: 2F 1-2: Ball 2-2: Strikes out looking
|
|
Batting: RHB Nick Julien
|
0-0: Fly out, F7 (Flyball, 78M, EV 96.2 MPH)
|
| Top of the 1st over - 0 runs, 2 hits, 0 errors, 2 left on base; Northwest Arkansas 0 - Midland 0 |
| BOTTOM OF THE 1ST |
|
Midland RockHounds batting - Pitching for Northwest Arkansas Naturals : RHP Danny Zuniga
|
|
Pitching: RHP Danny Zuniga
|
|
|
Batting: RHB Micah Roth
|
0-0: Called Strike 0-1: Swinging Strike 0-2: Ball 1-2: Ball 2-2: Ground out 3-1 (Groundball, 34S, EV 80.0 MPH)
|
|
Batting: RHB Chris Prinzing
|
0-0: Ball 1-0: Foul Ball, location: 2F 1-1: Ball 2-1: Called Strike 2-2: Ball 3-2: Strikes out swinging
|
|
Batting: RHB Sean Gould
|
0-0: Called Strike 0-1: Ball 1-1: Ball 2-1: Ball 3-1: Base on Balls
|
|
Batting: LHB Tom Raupp
|
Pickoff Play to 1st, Runner tries for 2nd, OUT after rundown.
|
| Bottom of the 1st over - 0 runs, 0 hits, 0 errors, 0 left on base; Northwest Arkansas 0 - Midland 0 |
| TOP OF THE 2ND |
|
Northwest Arkansas Naturals batting - Pitching for Midland RockHounds : RHP Felix Carranza
|
|
Batting: RHB Jon Griffin
|
0-0: Called Strike 0-1: Called Strike 0-2: Foul Ball, location: 2F 0-2: Strikes out looking
|
|
Batting: RHB Nate De Jongh
|
0-0: Called Strike 0-1: Ball 1-1: Fly out, F6 (Popup, 6MS, EV 81.2 MPH)
|
|
Batting: LHB Danny Zuniga
|
0-0: Ball 1-0: Called Strike 1-1: Ground out 6-3 (Groundball, 4M, EV 98.1 MPH)
|
| Top of the 2nd over - 0 runs, 0 hits, 0 errors, 0 left on base; Northwest Arkansas 0 - Midland 0 |
| BOTTOM OF THE 2ND |
|
Midland RockHounds batting - Pitching for Northwest Arkansas Naturals : RHP Danny Zuniga
|
|
Batting: LHB Tom Raupp
|
0-0: Swinging Strike 0-1: Swinging Strike 0-2: Ball 1-2: Ball 2-2: Foul Ball, location: 2F 2-2: SOLO HOME RUN (Flyball, 89XD, EV 99.4 MPH), Distance : 386 ft
|
|
Batting: RHB Matt Sherard
|
0-0: Swinging Strike 0-1: Ball 1-1: SINGLE (Line Drive, 4MD, EV 105.6 MPH)
|
|
Batting: RHB Don Burt
|
0-0: Called Strike Matt Sherard steals 2nd base 0-1: Ball 1-1: Foul Ball, location: 2F 1-2: Ball 2-2: Ball 3-2: Foul Ball, location: 2F 3-2: Strikes out swinging
|
|
Batting: LHB Chance Stever
|
0-0: Foul Ball, location: 2F 0-1: Ball 1-1: Ball 2-1: Fly out, F8 (Line Drive, 8LD, EV 98.8 MPH)
|
|
Batting: LHB Jose Mojica
|
0-0: Called Strike 0-1: Ground out U3 (Groundball, 3, EV 83.8 MPH)
|
| Bottom of the 2nd over - 1 run, 2 hits, 0 errors, 1 left on base; Northwest Arkansas 0 - Midland 1 |
| TOP OF THE 3RD |
|
Northwest Arkansas Naturals batting - Pitching for Midland RockHounds : RHP Felix Carranza
|
|
Batting: SHB Danny Ballenger
|
0-0: Ball 1-0: Called Strike 1-1: Called Strike 1-2: SOLO HOME RUN (Flyball, 7LD, EV 91.9 MPH), Distance : 341 ft
|
|
Batting: RHB Kevin Allen
|
0-0: Called Strike 0-1: Foul Ball, location: 2F 0-2: Foul Ball, location: 2F 0-2: Fly out, F7 (Line Drive, 7, EV 98.1 MPH)
|
|
Batting: RHB Edwin Ramos
|
0-0: Fly out, F9 (Flyball, 89M, EV 92.5 MPH)
|
|
Batting: LHB Pablo Serrato
|
0-0: Called Strike 0-1: Ball 1-1: Called Strike 1-2: Ball 2-2: Ball 3-2: Strikes out swinging
|
| Top of the 3rd over - 1 run, 1 hit, 0 errors, 0 left on base; Northwest Arkansas 1 - Midland 1 |
| BOTTOM OF THE 3RD |
|
Midland RockHounds batting - Pitching for Northwest Arkansas Naturals : RHP Danny Zuniga
|
|
Batting: LHB Jeremy Brammer
|
0-0: Ball 1-0: Fly out, F9 (Line Drive, 9S, EV 103.8 MPH)
|
|
Batting: RHB Micah Roth
|
0-0: Foul Ball, location: 2F 0-1: Called Strike 0-2: Ball 1-2: Foul Ball, location: 2F 1-2: Ball 2-2: Ball 3-2: Strikes out swinging
|
|
Batting: RHB Chris Prinzing
|
0-0: Ball 1-0: Called Strike 1-1: Called Strike 1-2: Ball 2-2: Strikes out swinging
|
| Bottom of the 3rd over - 0 runs, 0 hits, 0 errors, 0 left on base; Northwest Arkansas 1 - Midland 1 |
| TOP OF THE 4TH |
|
Northwest Arkansas Naturals batting - Pitching for Midland RockHounds : RHP Felix Carranza
|
|
Batting: RHB Chang-keun Baik
|
0-0: Ground out 5-3 (Groundball, 56, EV 110.0 MPH)
|
|
Batting: RHB Nick Julien
|
0-0: Foul Ball, location: 2F 0-1: Called Strike 0-2: Strikes out swinging
|
|
Batting: RHB Jon Griffin
|
0-0: Called Strike 0-1: SINGLE (Groundball, 34S, EV 65.6 MPH) (infield hit)
|
|
Batting: RHB Nate De Jongh
|
0-0: Ball 1-0: Ground out 4-3 (Groundball, 34, EV 81.9 MPH)
|
| Top of the 4th over - 0 runs, 1 hit, 0 errors, 1 left on base; Northwest Arkansas 1 - Midland 1 |
| BOTTOM OF THE 4TH |
|
Midland RockHounds batting - Pitching for Northwest Arkansas Naturals : RHP Danny Zuniga
|
|
Batting: RHB Sean Gould
|
0-0: Ball 1-0: Called Strike 1-1: Called Strike 1-2: Ball 2-2: Ball 3-2: Foul Ball, location: 2F 3-2: Fly out, F7 (Flyball, 78M, EV 92.5 MPH)
|
|
Batting: LHB Tom Raupp
|
0-0: Ball 1-0: Fly out, F9 (Flyball, 9LM, EV 108.8 MPH)
|
|
Batting: RHB Matt Sherard
|
0-0: TRIPLE (Line Drive, 89XD, EV 107.5 MPH)
|
|
Batting: RHB Don Burt
|
0-0: Ball Wild Pitch! Matt Sherard scores 1-0: Called Strike 1-1: Ball 2-1: Ball 3-1: Fly out, F5 (Line Drive, 5, EV 68.8 MPH)
|
| Bottom of the 4th over - 1 run, 1 hit, 0 errors, 0 left on base; Northwest Arkansas 1 - Midland 2 |
| TOP OF THE 5TH |
|
Northwest Arkansas Naturals batting - Pitching for Midland RockHounds : RHP Felix Carranza
|
|
Batting: LHB Danny Zuniga
|
0-0: Foul Ball, location: 2F 0-1: DOUBLE (Flyball, 8LXD, EV 103.1 MPH)
|
|
Batting: SHB Danny Ballenger
|
0-0: Ball 1-0: Ball 2-0: Called Strike 2-1: Ball 3-1: Swinging Strike 3-2: Strikes out swinging
|
|
Batting: RHB Kevin Allen
|
0-0: Fly out, F7 (Line Drive, 7S, EV 87.5 MPH)
|
|
Batting: RHB Edwin Ramos
|
0-0: Ground out 6-3 (Groundball, 6, EV 83.1 MPH)
|
| Top of the 5th over - 0 runs, 1 hit, 0 errors, 1 left on base; Northwest Arkansas 1 - Midland 2 |
| BOTTOM OF THE 5TH |
|
Midland RockHounds batting - Pitching for Northwest Arkansas Naturals : RHP Danny Zuniga
|
|
Pitching: LHP Ken Milhouse
|
|
|
Batting: LHB Chance Stever
|
0-0: Ball 1-0: Swinging Strike 1-1: SINGLE (Groundball, 6D, EV 96.2 MPH)
|
|
Batting: LHB Jose Mojica
|
0-0: Ball 1-0: SINGLE (Groundball, 6, EV 95.6 MPH) Chance Stever to second
|
|
Batting: LHB Jeremy Brammer
|
0-0: Ball 1-0: Swinging Strike 1-1: Foul Ball, location: 2F 1-2: Ball 2-2: Foul Ball, location: 2F 2-2: Strikes out swinging
|
|
Batting: RHB Micah Roth
|
0-0: Fielders Choice at 2nd, 3-6 (Groundball, 23, EV 85.6 MPH) Chance Stever to third
|
|
Batting: RHB Chris Prinzing
|
0-0: Ball 1-0: Called Strike 1-1: DOUBLE (Flyball, 89D, EV 111.2 MPH) Chance Stever scores Micah Roth to third Runner from 3rd tries for Home, SAFE, throw by CF to home
|
|
Batting: RHB Sean Gould
|
0-0: DOUBLE (Flyball, 8RXD, EV 103.8 MPH) Chris Prinzing scores
|
|
Pitching: RHP Bryan Kiefer
|
|
|
Batting: LHB Tom Raupp
|
0-0: Foul Ball, location: 2F 0-1: Swinging Strike 0-2: Ball 1-2: Foul Ball, location: 2F 1-2: Foul Ball, location: 2F 1-2: Foul Ball, location: 2F 1-2: Ball 2-2: Ball 3-2: Foul Ball, location: 2F 3-2: SINGLE (Line Drive, 56D, EV 98.1 MPH) Sean Gould to third Runner from 3rd tries for Home, throw by LF and OUT! 7-2
|
| Bottom of the 5th over - 3 runs, 5 hits, 0 errors, 1 left on base; Northwest Arkansas 1 - Midland 5 |
| TOP OF THE 6TH |
|
Northwest Arkansas Naturals batting - Pitching for Midland RockHounds : RHP Felix Carranza
|
|
Batting: LHB Pablo Serrato
|
0-0: Ball 1-0: Fly out, F7 (Line Drive, 78S, EV 106.2 MPH)
|
|
Batting: RHB Chang-keun Baik
|
0-0: Ball 1-0: Ball 2-0: SOLO HOME RUN (Line Drive, 78XD, EV 106.2 MPH), Distance : 422 ft
|
|
Batting: RHB Nick Julien
|
0-0: Ball 1-0: Foul Ball, location: 2F 1-1: Foul Ball, location: 2F 1-2: Strikes out swinging
|
|
Batting: RHB Jon Griffin
|
0-0: Called Strike 0-1: Foul Ball, location: 2F 0-2: Strikes out swinging
|
| Top of the 6th over - 1 run, 1 hit, 0 errors, 0 left on base; Northwest Arkansas 2 - Midland 5 |
| BOTTOM OF THE 6TH |
|
Midland RockHounds batting - Pitching for Northwest Arkansas Naturals : RHP Bryan Kiefer
|
|
Batting: RHB Matt Sherard
|
0-0: Called Strike 0-1: Foul Ball, location: 2F 0-2: Ball 1-2: SINGLE (Groundball, 6MD, EV 98.1 MPH)
|
|
Batting: RHB Don Burt
|
0-0: Ball 1-0: Ball Matt Sherard steals 2nd base 2-0: Ball 3-0: Called Strike 3-1: Foul Ball, location: 2F 3-2: Foul Ball, location: 2F 3-2: Fly out, F3 (Flyball, 34D, EV 90.0 MPH)
|
|
Pitching: RHP Josh Rutledge
|
|
|
Batting: LHB Chance Stever
|
0-0: Ball 1-0: Swinging Strike 1-1: Ball 2-1: Foul Ball, location: 2F 2-2: Foul Ball, location: 2F 2-2: Foul Ball, location: 2F 2-2: Foul Ball, location: 2F 2-2: Ball 3-2: Fly out, F8 (Flyball, 8LM, EV 91.9 MPH)
|
|
Batting: LHB Jose Mojica
|
0-0: Called Strike 0-1: Ball 1-1: Swinging Strike 1-2: Ground out U3 (Groundball, 34, EV 108.1 MPH)
|
| Bottom of the 6th over - 0 runs, 1 hit, 0 errors, 1 left on base; Northwest Arkansas 2 - Midland 5 |
| TOP OF THE 7TH |
|
Northwest Arkansas Naturals batting - Pitching for Midland RockHounds : RHP Felix Carranza
|
|
Batting: RHB Nate De Jongh
|
0-0: Ball 1-0: Ball 2-0: Ball 3-0: Base on Balls
|
|
Batting: LHB Danny Zuniga
|
0-0: Swinging Strike 0-1: Swinging Strike 0-2: Strikes out swinging
|
|
Pitching: RHP Nick McDade
|
|
|
Batting: SHB Danny Ballenger
|
0-0: Ball 1-0: Ball 2-0: Ball 3-0: Called Strike 3-1: Foul Ball, location: 2F 3-2: Strikes out swinging Nate De Jongh is caught stealing 2nd base 2-6 Batter strikes out.
|
| Top of the 7th over - 0 runs, 0 hits, 0 errors, 0 left on base; Northwest Arkansas 2 - Midland 5 |
| BOTTOM OF THE 7TH |
|
Midland RockHounds batting - Pitching for Northwest Arkansas Naturals : RHP Josh Rutledge
|
|
Pitching: RHP Gary Ackerman
|
|
|
Batting: LHB Jeremy Brammer
|
0-0: Called Strike 0-1: Ball 1-1: Foul Ball, location: 2F 1-2: Ball 2-2: Strikes out swinging
|
|
Batting: RHB Micah Roth
|
0-0: Ball 1-0: Foul Ball, location: 2F 1-1: Fly out, F7 (Line Drive, 7S, EV 85.6 MPH)
|
|
Batting: RHB Chris Prinzing
|
0-0: Called Strike 0-1: Swinging Strike 0-2: Strikes out swinging
|
| Bottom of the 7th over - 0 runs, 0 hits, 0 errors, 0 left on base; Northwest Arkansas 2 - Midland 5 |
| TOP OF THE 8TH |
|
Northwest Arkansas Naturals batting - Pitching for Midland RockHounds : RHP Nick McDade
|
|
Batting: RHB Kevin Allen
|
0-0: Ball 1-0: Ball 2-0: Ground out 6-3 (Groundball, 4M, EV 83.8 MPH)
|
|
Batting: RHB Edwin Ramos
|
0-0: Ball 1-0: Called Strike 1-1: Ball 2-1: Called Strike 2-2: Ground out 5-3 (Groundball, 5, EV 89.4 MPH)
|
|
Batting: LHB Pablo Serrato
|
0-0: Ball 1-0: Swinging Strike 1-1: Ball 2-1: Swinging Strike 2-2: Foul Ball, location: 2F 2-2: Strikes out swinging
|
| Top of the 8th over - 0 runs, 0 hits, 0 errors, 0 left on base; Northwest Arkansas 2 - Midland 5 |
| BOTTOM OF THE 8TH |
|
Midland RockHounds batting - Pitching for Northwest Arkansas Naturals : RHP Gary Ackerman
|
|
Pitching: LHP Walter Whiteman
|
|
|
Batting: RHB Sean Gould
|
0-0: Ball 1-0: Ball 2-0: Called Strike 2-1: Fly out, F2 (Popup, 23F, EV 76.9 MPH)
|
|
Batting: LHB Tom Raupp
|
0-0: Called Strike 0-1: Ball 1-1: Ball 2-1: Ball 3-1: Foul Ball, location: 2F 3-2: Foul Ball, location: 2F 3-2: Foul Ball, location: 2F 3-2: Fly out, F9 (Flyball, 89D, EV 110.0 MPH)
|
|
Batting: RHB Matt Sherard
|
0-0: Swinging Strike 0-1: SINGLE (Groundball, P, EV 81.9 MPH) (infield hit)
|
|
Batting: RHB Don Burt
|
0-0: Ground out 5-3 (Groundball, 56S, EV 83.1 MPH)
|
| Bottom of the 8th over - 0 runs, 1 hit, 0 errors, 1 left on base; Northwest Arkansas 2 - Midland 5 |
| TOP OF THE 9TH |
|
Northwest Arkansas Naturals batting - Pitching for Midland RockHounds : RHP Nick McDade
|
|
Pitching: RHP John Shutt
|
|
|
Now at 1B: Nick Pacheco
|
|
|
Batting: RHB Chang-keun Baik
|
0-0: Ball 1-0: SINGLE (Line Drive, 78S, EV 85.0 MPH)
|
|
Batting: RHB Nick Julien
|
0-0: Ball 1-0: Called Strike 1-1: SINGLE (Groundball, 6MS, EV 76.2 MPH) (infield hit) Chang-keun Baik to second
|
|
Batting: RHB Jon Griffin
|
0-0: Ball 1-0: Called Strike 1-1: Called Strike 1-2: Ball 2-2: Ball 3-2: Foul Ball, location: 2F 3-2: Fielders Choice at 2nd, 5-4 (Groundball, 56, EV 108.8 MPH) Chang-keun Baik to third
|
|
Pinch Hitting: LHB Joe Cozart
|
0-0: Ball 1-0: Called Strike 1-1: Called Strike 1-2: Ball 2-2: Foul Ball, location: 2F 2-2: Foul Ball, location: 2F 2-2: Fly out, F9 (Line Drive, 9LM, EV 91.9 MPH)
|
|
Batting: LHB Danny Zuniga
|
0-0: Ball Wild Pitch! Chang-keun Baik scores Jon Griffin to second 1-0: Ball 2-0: Ball 3-0: Base on Balls
|
|
Batting: SHB Danny Ballenger
|
0-0: Fly out, F8 (Line Drive, 8LD, EV 101.2 MPH)
|
| Top of the 9th over - 1 run, 2 hits, 0 errors, 2 left on base; Northwest Arkansas 3 - Midland 5 |
|